 Dungeon Crawl Stone Soup version 0.32-a0-859-gb0a091d (webtiles) character file.

Game seed: 15909371119966709028

250 Dorkslayer the Trooper (level 6, -1/43 HPs)
             Began as an Octopode Fighter on Mar 27, 2024.
             Succumbed to a kobold brigand's curare-tipped dart
             ... on level 3 of the Dungeon.
             The game lasted 00:06:27 (1723 turns).

Dorkslayer the Trooper (Octopode Fighter)           Turns: 1723, Time: 00:06:28

Health: -1/43      AC:  5    Str: 17    XL:     6   Next: 13%
Magic:  6/6        EV: 12    Int: 11    God:
Gold:   68         SH:  4    Dex: 11    Spells: 5/5 levels left

rFire   . . .        a - +0 war axe
rCold   . . .        b - +0 buckler
rNeg    . . .        (helmet restricted)
rPois   .            (no amulet)
rElec   .            g - ring of flight
rCorr   .            j - +4 ring of protection
SInv    .            (no ring)
Will    .....        (no ring)
Stlth   +++          (no ring)
HPRegen 0.27/turn    (no ring)
MPRegen 0.10/turn    (no ring)
                     (no ring)

%: no passive effects
@: lethally poisoned (-1 -> -6), flying, slowed, very slow
A: almost no armour, amphibious, 8 rings, camouflage 1, gelatinous body 1,
(nimble swimmer 1), tentacles
a: no special abilities


You were on level 3 of the Dungeon.
You visited 1 branch of the dungeon, and saw 3 of its levels.

You collected 156 gold pieces.
You spent 88 gold pieces at shops.

Inventory:

Hand Weapons
 a - a +0 war axe (weapon)
Armour
 b - a +0 buckler (worn)
Jewellery
 g - a ring of flight (left tentacle)
 j - a +4 ring of protection (right tentacle)
Talismans
 f - a dragon-blood talisman
Scrolls
 c - a scroll of identify
 e - 2 scrolls of blinking
 h - a scroll of silence
 i - 2 scrolls of immolation


   Skills:
 + Level 3.8 Fighting
 + Level 3.6 Axes
 + Level 3.4 Dodging
 + Level 3.3 Stealth
 + Level 3.5 Shields
 * Level 1.8 Shapeshifting


You had 5 spell levels left.
You didn't know any spells.
Your spell library contained the following spells:

 Spells                   Type           Power      Damage    Failure   Level
 Ensorcelled Hibernation  Hex/Ice        0%         N/A       56%         2
 Hailstorm                Conj/Ice       0%         3d5       80%         3
 Passwall                 Erth           0%         N/A       80%         3
 Summon Ice Beast         Ice/Summ       0%         N/A       80%         3
 Swiftness                Air            0%         N/A       80%         3
 Tukima's Dance           Hex            0%         N/A       80%         3
 Dimensional Bullseye     Hex/Tloc       0%         N/A       99%         4
 Iskenderun's Mystic Bla Conj/Tloc 0%             2d3        (+2d1     99%         4
 Permafrost Eruption      Ice/Erth       0%         2x4d2     100%        6
 Sculpt Simulacrum        Ice/Alch       0%         N/A       100%        6


Dungeon Overview and Level Annotations

Branches:
Dungeon (3/15)

Altars:

Shops:
D:2 ?


Innate Abilities, Weirdness & Mutations

You cannot wear most types of armour.
You are amphibious.
You can wear up to eight rings at the same time.
Your skin changes colour to match your surroundings (Stealth+).
Your rubbery body absorbs attacks. (AC +1, EV +1)
((You are camouflaged when in or above water. (Stealth+)))
You have tentacles for arms and can constrict up to eight enemies at once.


Message History

There is an open door here.
You closely miss the gnoll.
The kobold shouts!
Your grab misses the gnoll. You slash the gnoll! You hit the kobold brigand.
The gnoll hits you with a +0 spear.
The kobold brigand hits you with a +0 short sword.
The gnoll hits you with a +0 club.
You barely miss the gnoll. You grab the gnoll. You hit the gnoll.
You closely miss the kobold brigand. You constrict the gnoll.
The gnoll closely misses you.
The kobold brigand hits you with a +0 short sword.
The gnoll hits you with a +0 club.
* * * LOW HITPOINT WARNING * * *
The gnoll hits you with a +0 club.
* * * LOW HITPOINT WARNING * * *
The gnoll barely misses you. You block the kobold brigand's attack.
You aren't carrying any potions.
As you read the scroll of fear, it crumbles to dust.
You assume a fearsome visage.
The kobold looks frightened!
The kobold brigand looks frightened! x2; The gnoll looks frightened!
The kobold looks frightened!
The gnoll looks frightened!
You constrict the gnoll.
The gnoll struggles to escape constriction.
You release your grip on the gnoll.
The kobold brigand seems to regain its courage.
You slash the kobold!
You kill the kobold!
The kobold brigand throws a curare-tipped dart.
The curare-tipped dart hits you.
You are poisoned.
You have difficulty breathing.
* * * LOW HITPOINT WARNING * * *
You feel yourself slow down.
The kobold brigand throws a curare-tipped dart.
The curare-tipped dart closely misses you.
* * * LOW HITPOINT WARNING * * *
You feel very sick.
Things that are here:
a +0 club; a kobold corpse You die...

###
##################...#
.)#........).....#..!#
.)).)............#...#
###..............##'#
......########......#
......# #....g.#
......########.)@K..#
###..............##g#
..'..............#...#
..#..............#K..#
##################..g#
#####


You could see a kobold brigand and 2 gnolls.

Vanquished Creatures
  A kobold brigand (D:3)
  Jessica (D:2)
  Robin (D:2)
  3 gnolls (D:3)
  2 adders (D:3)
  2 dart slugs
  4 endoplasms
  2 giant cockroaches
  14 goblins
  12 hobgoblins
  5 jackals
  26 kobolds
  2 quokkas
  3 ball pythons
  5 bats
  3 frilled lizards (D:1)
  6 rats
92 creatures vanquished.

Notes
Turn   | Place    | Note
-------+----------+-------------------------------------------
     0 | D:1      | Dorkslayer the Octopode Fighter began the quest for the
                  | Orb.
     0 | D:1      | Reached XP level 1. HP: 16/16 MP: 1/1
    27 | D:1      | Found a faded altar of an unknown god.
   167 | D:1      | Reached XP level 2. HP: 21/21 MP: 2/2
   542 | D:1      | Reached XP level 3. HP: 25/26 MP: 3/3
   713 | D:1      | Reached skill level 1 in Stealth
   953 | D:2      | Noticed Jessica
   958 | D:2      | Killed Jessica
   962 | D:2      | Reached XP level 4. HP: 31/31 MP: 4/4
  1081 | D:2      | Noticed Robin
  1089 | D:2      | Killed Robin
  1090 | D:2      | Reached skill level 1 in Shapeshifting
  1151 | D:2      | Found Fyqeran's Magic Scroll Shoppe.
  1161 | D:2      | Bought a scroll of identify for 22 gold pieces
  1161 | D:2      | Bought a scroll of immolation for 44 gold pieces
  1161 | D:2      | Bought a scroll of identify for 22 gold pieces
  1458 | D:3      | Reached XP level 5. HP: 36/36 MP: 5/5
  1510 | D:3      | Noticed a kobold brigand
  1520 | D:3      | Killed a kobold brigand
  1560 | D:3      | Reached XP level 6. HP: 31/43 MP: 6/6
  1722 | D:3      | HP: 1/43 [poisoned by a kobold brigand (curare-tipped
                  | dart)]
  1723 | D:3      | Succumbed to a kobold brigand's curare-tipped dart

Illustrated notes

Levels and vault maps discovered:
D:1:      dpeg_arrival_radiant, layout_basic,
          hellmonk_ecumenical_altar_crossroads
D:2:      layout_rooms, serial_shops, shop, minmay_tromino_i4, uniq_robin,
          uniq_jessica
D:3:      minmay_goblin_kobold_castle, layout_rooms,
          mainiacjoe_overflow_cross_hatched, overflow_temple_1_default

Skill      XL: |  1  2  3  4  5 |
---------------+----------------+-----
Stealth        | 1 2 3 |  3.3
Shapeshifting  | 1 |  1.8
Axes           | 3 |  3.6
Fighting       | |  3.8
Dodging        | |  3.4
Shields        | |  3.5

Action                     |  1- 3 |  4- 6 || total
---------------------------+-------+-------++-------
  Melee: War axe           |    38 |    74 ||   112
         Constrict         |    14 |    22 ||    36
         Tentacles         |     7 |    11 ||    18
    Use: Scroll            |       |     7 ||     7
         Potion            |       |     2 ||     2
   Stab: Sleeping          |     8 |     6 ||    14
         Distracted        |       |     1 ||     1
 Armour: Skin              |     8 |    64 ||    72
  Dodge: Dodged            |    16 |    67 ||    83
  Block: Buckler           |     6 |    20 ||    26

Table legend: (Time is in decaauts)
 A = Elapsed time spent in this place.
 B = Non-inter-level travel time spent in this place.
 C = Inter-level travel time spent in this place.
 D = Time resting spent in this place.
 E = Time spent auto-exploring this place.
 F = Levels seen in this place.
 G = Mean time per level.
                   A        B        C        D        E       F      G
               +--------+--------+--------+--------+--------+-----+--------+
         Total |   1767 |   1767 |      0 |      0 |    875 |   3 |  589.0 |
       Dungeon |   1767 |   1767 |      0 |      0 |    875 |   3 |  589.0 |
               +--------+--------+--------+--------+--------+-----+--------+

Top non-repeatable levels by time:
     D:1: 968 daAuts
     D:2: 411 daAuts
     D:3: 387 daAuts
